 Dungeon Crawl Stone Soup version 0.30.0-15-g856e2d3f33 (webtiles) character file.

Game seed: 9199787459271462404

9 Hubris850 the Trooper (level 2, -2/25 HPs)
             Began as a Djinni Cinder Acolyte on May 18, 2023.
             Was a High Priest of Ignis.
             Slain by a goblin
             ... wielding a +0 dagger
              (4 damage)
             ... on level 1 of the Dungeon.
             The game lasted 00:00:57 (140 turns).

Hubris850 the Trooper (Djinni Cinder Acolyte)        Turns: 140, Time: 00:00:58

Health: -2/25      AC:  2    Str: 13    XL:     2   Next: 25%
Gold:   18         EV: 11    Int: 15    God:    Ignis [*****.] SH:  0 Dex:  8

rFire   + + +        a - -1 falchion (flame)
rCold   x . .        (no shield)
rNeg    . . .        b - +0 robe
rPois   ∞            (no helmet)
rElec   .            (no cloak)
rCorr   .            (no gloves)
SInv    .            (boots unavailable)
Will    .....        (no amulet)
Stlth   +            (no ring)
HPRegen 0.24/turn    (no ring)
MPRegen 0.00/turn

%: infuse magic (-3 HP)
@: flying, very slightly contaminated
A: sickness immunity, fire resistance 2, cold vulnerability 1, float, innate
caster, HP casting, extra vitality 1
a: Renounce Religion, Fiery Armour, Foxfire Swarm, Rising Flame


You were on level 1 of the Dungeon.
You worshipped Ignis.
Ignis was extremely pleased with you.
You visited 1 branch of the dungeon, and saw 1 of its levels.

You collected 18 gold pieces.

Inventory:

Hand Weapons
 a - a -1 falchion of flaming (weapon)
Armour
 b - a +0 robe (worn)
Scrolls
 d - a scroll of silence {unknown}
 f - a scroll of fear {unknown}
Potions
 c - a potion of haste {unknown}
 e - a potion of lignification {unknown}


   Skills:
 - Level 3.0 Fighting
 + Level 2.9 Long Blades
 + Level 1.0 Dodging
 + Level 2.5 Spellcasting


You knew the following spells:

 Your Spells              Type           Power      Damage    Failure   Level
a - Scorch                Fire           18%        2d5       11%         2
Your spell library was empty.

Dungeon Overview and Level Annotations

Branches:
Dungeon (1/15)

Altars:


Innate Abilities, Weirdness & Mutations

You are immune to sickness and miasma.
You are immune to poison.
Your flesh is very heat resistant. (rF++)
You are vulnerable to cold. (rC-)
You float through the air rather than walking.
You learn spells naturally, not from books.
Your magical power is your life essence.
You have superior vitality. (+4 MHP)


Message History

The ball python grabs you. The ball python constricts you.
The hobgoblin hits you. The goblin hits you with a +0 dagger.
The ball python misses you. The ball python constricts you.
You hit the ball python but do no damage.
The goblin hits you with a +0 dagger. The hobgoblin hits you.
The ball python barely misses you. The ball python constricts you.
You miscast Scorch.
You are very lightly contaminated with residual magic.
Nothing appears to happen.
The ball python bites you but does no damage.
The ball python constricts you. The goblin hits you but does no damage.
The hobgoblin hits you. The ball python closely misses you.
The ball python constricts you.
Casting: Scorch (safe; 11% risk of failure)
Confirm with . or Enter, or press ? or * to list all spells.
Flames lash the hobgoblin.
You kill the hobgoblin!
* * * LOW HITPOINT WARNING * * *
The goblin hits you with a +0 dagger.
* * * LOW HITPOINT WARNING * * *
The ball python barely misses you. The ball python constricts you.
Your Dodging skill increases to level 1!
Unknown command.
Casting: Scorch (safe; 11% risk of failure)
Confirm with . or Enter, or press ? or * to list all spells.
Flames lash the ball python.
You kill the ball python!
* * * LOW HITPOINT WARNING * * *
The goblin closely misses you.
Unknown command.
Unknown command.
Casting: Scorch (safe; 11% risk of failure)
Confirm with . or Enter, or press ? or * to list all spells.
You don't have enough health to cast this spell.
Unknown command.
Casting: Scorch (safe; 11% risk of failure)
Confirm with . or Enter, or press ? or * to list all spells.
Okay, then.
You hit the goblin but do no damage. The goblin hits you with a +0 dagger.
You die...

#..........
#.........#
#.........#
#.........#
#.........#
#.........#
#....†...##
#....g@...#
#########.###
........>..#
#.........#
#........##
#........#
#........#
#........#
#........#


You could see a goblin.

Vanquished Creatures
  2 ball pythons (D:1)
  A giant cockroach (D:1)
  3 hobgoblins (D:1)
  A goblin (D:1)
  A kobold (D:1)
  A rat (D:1)
9 creatures vanquished.

Notes
Turn   | Place    | Note
-------+----------+-------------------------------------------
     0 | D:1      | Hubris850 the Djinni Cinder Acolyte began the quest for the
                  | Orb.
     0 | D:1      | Hubris850 set off with the following spells memorised:
                  | Scorch.
     0 | D:1      | Reached XP level 1. HP: 20/20 MP: 0/0
    33 | D:1      | Found a faded altar of an unknown god.
    94 | D:1      | Reached XP level 2. HP: 25/25 MP: 0/0
   139 | D:1      | Reached skill level 1 in Dodging
   140 | D:1      | Slain by a goblin

Illustrated notes

Levels and vault maps discovered:
D:1:      dreamdust_arrival_beginning_and_end, layout_basic,
          ebering_ecumenical_altar_box, columned_hall_lemuel, minmay_box_of_dots

Skill      XL: |  1  2 |
---------------+-------+-----
Dodging        | 1 |  1.0
Fighting       | |  3.0
Long Blades    | |  2.9
Spellcasting   | |  2.5

Action                     || total
---------------------------++-------
  Melee: Falchion          ||    17
   Cast: Scorch            ||     3
 Armour: Robe              ||     6
  Dodge: Dodged            ||    16
